[Event "*** Titled Tuesday Blitz"]
[Site "Chess.com"]
[Date "2020.10.27"]
[Round "1"]
[White "babyking1205"]
[Black "chessmachine14"]
[Result "1-0"]
[WhiteElo "2663"]
[BlackElo "2319"]
[TimeControl "180+1"]
[EndTime "10:07:49 PDT"]
[Termination "babyking1205 won on time"]

1. e4 c5 2. Nc3 Nc6 3. Bb5 Nd4 4. Nf3 Nxb5 5. Nxb5 a6 6. Nc3 d6 7. d4 cxd4 8. Nxd4 Nf6 9. Be3 e6 10. O-O Be7 11. f4 O-O 12. Qf3 Qc7 13. a4 b6 14.
e5 Bb7 15. Qg3 Ne4 16. Nxe4 Bxe4 17. c3 Kh8 18. Rae1 Qb7 19. f5 dxe5 20. Qxe5 Bxg2 21. f6 Bxf1 22. Rxf1 gxf6 23. Rxf6 Rg8+ 24. Kf1 Qg2+ 25.
Ke1 Bxf6 26. Qxf6+ Qg7 27. Qf2 Rad8 28. Nc6 Rd5 29.
Ne7 Rgd8 30. Nxd5 Rxd5 31. Bxb6 Qe5+ 32. Be3 Rd3 33. Ke2 Rd8 34. Qh4 f6 35. Kf2 Qf5+ 36. Ke1 Qb1+ 37. Ke2 Qc2+ 38. Kf3 Qf5+ 39. Ke2 Rg8 40. Qf2 Qc2+ 41. Kf3 Qf5+ 42. Ke2 Qxf2+ 43. Kxf2 Rb8 44. b4 a5 45. b5 Kg8 46. c4 Kf7 47. c5 Ke8 48. c6 Kd8 49. b6 Rc8 50. b7 Rb8 51. Bb6+ Ke7 52. Bc7 1-0

[Event "*** Titled Tuesday Blitz"]
[Site "Chess.com"]
[Date "2020.10.27"]
[Round "1"]
[White "TimurGareyev"]
[Black "Keures"]
[Result "1-0"]
[WhiteElo "2587"]
[BlackElo "2237"]
[TimeControl "180+1"]
[EndTime "10:07:49 PDT"]
[Termination "TimurGareyev won by resignation"]

1. e3 e6 2. b3 Nf6 3. c4 c5 4. Bb2 b6 5. Nf3 Bb7 6. Nc3 Be7 7. Be2 O-O 8. O-O d5 9. cxd5 Nxd5 10. d4 cxd4 11.
Nxd4 Bf6 12. Nxd5 Bxd5 13. Bf3 Na6 14. e4 Bb7 15. e5 Bxf3 16. Qxf3 Be7 17. Rad1 Qc7 18.
Nb5 Qc5 19. a4 Rfd8 20. Nd6 Rf8 21. Rc1 Qd5 22. Qxd5 exd5 23. Rfd1 Nc5 24. Nf5 Bg5 25. Rc3 g6 26. Nd4 Rad8 27. g3 Ne6 28. Nc6 Rd7 29.
f4 Bh6 30. Rxd5 Rc7 31. Ba3 Re8 32. Bd6 Rd7 33. b4 Bf8 34. Rcd3 Rc8 35. b5 Bxd6 36.
Rxd6 Rdc7 37. Rd7 Kg7 38. R3d6 a6 39. Kg2 axb5 40. axb5 Nc5 41. Rxc7 Rxc7 42. Nd4 Na4 43. Rc6 Rd7 44. Nf3 Rd3 45. e6 fxe6 46. Rc7+ Kh6 47.
Ng5 Rd2+ 48. Kh3 1-0

[Event "*** Titled Tuesday Blitz"]
[Site "Chess.com"]
[Date "2020.10.27"]
[Round "1"]
[White "midedu"]
[Black "Mikasinski"]
[Result "1-0"]
[WhiteElo "2003"]
[BlackElo "2495"]
[TimeControl "180+1"]
[EndTime "10:07:52 PDT"]
[Termination "midedu won on time"]

1. e4 c5 2. Nc3 Nc6 3. g3 g6 4.
Bg2 Bg7 5. Nge2 d6 6. d3 e6 7. O-O Nge7 8. Bg5 h6 9. Be3 Nd4 10.
Qd2 Rb8 11. Rae1 Qa5 12. Kh1 b5 13. a3 Nxe2 14. Rxe2 b4 15. axb4 Rxb4 16. b3 Rb8 17. Nd1 Qxd2 18. Rxd2 Bd7 19. d4 Bb5 20. c4 Ba6 21. dxc5 dxc5 22. Bxc5 Rxb3 23. Ne3 Nc6 24. Ra2 Bb7 25. f4 Bd4 26. Bxd4 Nxd4 27. Ng4 a6 28. Rd1 h5 29. Nf6+ Ke7 30. e5 Rd8 31. Bxb7 Rxb7 32. Rxa6 Nf3 33. Rxd8 Kxd8 34. Kg2 Ne1+ 35. Kf1 Nc2 36. Ra8+ Kc7 37. c5 Nd4 38. Rf8 Kc6 39.
Rc8+ Kb5 40. Ne4 Ra7 41. Nd6+ Ka6 42. Kf2 Re7 43. Ke3 Nb5 44. Kd3 Na7 45. Rf8 Nc6 46. Rxf7 1-0

[Event "*** Titled Tuesday Blitz"]
[Site "Chess.com"]
[Date "2020.10.27"]
[Round "1"]
[White "Kobalia"]
[Black "LogoCzar"]
[Result "1-0"]
[WhiteElo "2754"]
[BlackElo "2396"]
[TimeControl "180+1"]
[EndTime "10:07:53 PDT"]
[Termination "Kobalia won by resignation"]

1. e4 e5 2. Nf3 Nc6 3. Bb5 Nf6 4. d3 Bc5 5. O-O Nd4 6. Nxd4 Bxd4 7. Nd2 c6 8. Ba4 Bb6 9. Nc4 Bc7 10. Bb3 d6 11. Bg5 h6 12. Bh4 g5 13. Bg3 h5 14.
f3 h4 15. Bf2 Nh5 16. h3 Qf6 17. Ne3 Ng3 18. Re1 Bb6 19. c3 Be6 20. Qd2 O-O-O 21. Rad1 Kb8 22. d4 Qg6 23. Bxe6 fxe6 24. Nc4 Bc7 25.
Qe3 d5 26. Nxe5 Bxe5 27. dxe5 b6 28. exd5 Rxd5 29. Rxd5 cxd5 30. Bxg3 hxg3 31. Qe2 Qf5 32. Rd1 Rh4 33. a3 Rc4 34. Qe1 Qf4 35. Rd3 d4 36. Kh1 Kb7 37. Rxd4 Rxd4 38. cxd4 Qxd4 39.
Qxg3 Qxb2 40. Qxg5 Qxa3 41. h4 b5 42. h5 b4 43. Qe7+ Kb6 44. Qxe6+ Kb5 45. Qd5+ Ka4 46. Qd7+ Kb3 47. Qd3+ Kb2 48. Qd2+ Kb1 49. h6 b3 50. h7 Qf8 51. Qd3+ Ka2 52. Qa6+ Kb1 53. Qg6+ Ka1 54.
Qf6 Qc5 55. h8=Q Qc1+ 56. Kh2 b2 57. e6 a5 58. Qxb2+ Qxb2 59. Qxb2+ Kxb2 60. e7 1-0

[Event "*** Titled Tuesday Blitz"]
[Site "Chess.com"]
[Date "2020.10.27"]
[Round "1"]
[White "nubair1198"]
[Black "Mostii"]
[Result "1-0"]
[WhiteElo "2851"]
[BlackElo "2444"]
[TimeControl "180+1"]
[EndTime "10:07:55 PDT"]
[Termination "nubair1198 won by checkmate"]

1. c4 b6 2. d4 Bb7 3. Nc3 e6 4. e4 Bb4 5. Bd3 f5 6. Qe2 Nf6 7. f3 Nc6 8. Be3 e5 9. dxe5 Nxe5 10.
exf5 Nxd3+ 11. Qxd3 O-O 12. Ne2 Re8 13. O-O d5 14. Rad1 Qe7 15. Bd4 Bxc3 16. Nxc3 dxc4 17.
Qxc4+ Qf7 18. Qxf7+ Kxf7 19. Rfe1 Rxe1+ 20. Rxe1 Rd8 21. Be3 Nd5 22. Bg5 Rd7 23. Ne4 h6 24. Bd2 Nf6 25.
Bc3 Re7 26. Bxf6 gxf6 27. g4 Bd5 28. a3 c6 29. Kf2 Bxe4 30. fxe4 Re5 31. Ke3 Ke7 32.
Rd1 Rb5 33. Rd2 Rb3+ 34. Kf4 Rh3 35. e5 fxe5+ 36. Kxe5 Re3+ 37. Kf4 Rb3 38. Re2+ Kf7 39. Rd2 Ke7 40. h4 b5 41. g5 hxg5+ 42. hxg5 b4 43. f6+ Kf7 44. Rd7+ Ke6 45. Re7+ Kd6 46. axb4 Rxb2 47.
Rxa7 Rxb4+ 48. Kf5 c5 49. f7 Rb8 50. g6 c4 51. g7 c3 52. f8=Q+ Kd5 53. Qxb8 c2 54.
Qe5+ Kc4 55. Rc7+ Kd3 56. Qc3+ Ke2 57. Re7+ Kf2 58. Qe1+ Kf3 59. Re3+ Kg2 60. g8=Q+ Kh2 61. Qh4# 1-0

[Event "*** Titled Tuesday Blitz"]
[Site "Chess.com"]
[Date "2020.10.27"]
[Round "1"]
[White "WildTricks"]
[Black "Funo09"]
[Result "0-1"]
[WhiteElo "2409"]
[BlackElo "2789"]
[TimeControl "180+1"]
[EndTime "10:07:55 PDT"]
[Termination "Funo09 won by checkmate"]

1. e4 c5 2. Nf3 Nf6 3. e5 Nd5 4. Nc3 e6 5. Ne4 f5 6. Nc3 Nxc3 7. dxc3 Nc6 8. Bf4 b6 9. Qd2 Bb7 10. O-O-O Qc7 11. h4 a6 12. h5 b5 13. Kb1 Ne7 14. c4 bxc4 15. Bxc4 Nd5 16. Rhg1 g6 17. g4 Nb6 18.
Be2 c4 19. gxf5 gxf5 20. Qa5 O-O-O 21. Ng5 Bc5 22. Nf7 Bxf2 23. Rg7 Rdg8 24. h6 Kb8 25.
Nxh8 Rxh8 26. Bxc4 Qxc4 27. Bg5 Rc8 28. c3 Qe4+ 29. Ka1 Qc2 30. Rb1 f4 31. Bxf4 Be4 32.
Rc1 Qd3 33. Bg3 Bc5 34. Bh4 Be3 35. Re1 Nc4 36. Qb4+ Bb7 37. Rxd7 Qxd7 38. Bf6 Bxh6 39.
Qb3 Bd2 40. Rb1 Qd3 41. Rd1 Qe2 42. Rb1 Be3 43. Rd1 Nd2 44. Qc2 Be4 45. Qc1 Nb3+ 46.
axb3 Bxc1 47. Rxc1 Qd2 48. Rg1 Qd5 49. Rg7 Qa5# 0-1

[Event "*** Titled Tuesday Blitz"]
[Site "Chess.com"]
[Date "2020.10.27"]
[Round "1"]
[White "BocharovD"]
[Black "Triumphmate"]
[Result "1-0"]
[WhiteElo "2769"]
[BlackElo "2405"]
[TimeControl "180+1"]
[EndTime "10:07:55 PDT"]
[Termination "BocharovD won by resignation"]

1. d4 Nf6 2. c4 e6 3. Nf3 d5 4.
g3 Be7 5. Bg2 O-O 6. Nc3 dxc4 7.
Ne5 c5 8. dxc5 Bxc5 9. O-O Nc6 10. Nxc6 bxc6 11. Qa4 Bd7 12. Bg5 h6 13. Bxf6 Qxf6 14. Ne4 Qe7 15. Qxc4 Bb6 16. Rac1 Rac8 17. Nc5 Rfd8 18.
Rfd1 Be8 19. Rxd8 Rxd8 20. Nd3 Qf6 21. Qc2 e5 22. e3 Rd6 23. Qc3 Re6 24. Nc5 Re7 25.
Rd1 Kh7 26. h4 Qg6 27. b4 f5 28. a4 Qg4 29. Rd6 Bg6 30. Nd3 Bc7 31. Nxe5 Rxe5 32. Qxe5 Qxb4 33. h5 Qxd6 34. hxg6+ Kxg6 35. Qe8+ Kh7 36.
Qf7 Qf6 37. Qxc7 Qa1+ 38. Bf1 Qxa4 39. Qe5 Qe4 40. Qxe4 fxe4 41. Bg2 c5 42. Bxe4+ g6 43. Bd5 Kg7 44. f4 Kf6 45. e4 g5 46. e5+ Kf5 47.
e6 Kf6 48. fxg5+ hxg5 49. g4 a5 50. Kf2 a4 51. Ke3 a3 52. Ke4 Ke7 53. Ke5 a2 54. Bxa2 Ke8 55. Kd6 c4 56. Bxc4 Kd8 57. e7+ Ke8 1-0

[Event "*** Titled Tuesday Blitz"]
[Site "Chess.com"]
[Date "2020.10.27"]
[Round "1"]
[White "DishonorOnYourCow"]
[Black "XDPS"]
[Result "0-1"]
[WhiteElo "2382"]
[BlackElo "2739"]
[TimeControl "180+1"]
[EndTime "10:07:56 PDT"]
[Termination "XDPS won on time"]

1. d4 d5 2. c4 e6 3. Nc3 Nf6 4. cxd5 exd5 5. Bg5 c6 6. e3 h6 7. Bh4 Bd6 8. Bd3 O-O 9. Nge2 Re8 10. Qc2 a5 11. Bg3 Na6 12. a3 Nc7 13. O-O Bg4 14.
f3 Be6 15. Bh4 Rc8 16. Rad1 Bd7 17. e4 dxe4 18. Nxe4 Be7 19. Nc5 Rb8 20. Bg3 Nh5 21. Be5 Bc8 22. Bh7+ Kh8 23. Be4 Nf6 24. Ng3 Ra8 25.
Nf5 Bf8 26. Qc1 Kg8 27. Qf4 Ncd5 28. Qg3 Bxf5 29. Bxf5 Ne3 30. Bb1 Nxd1 31. Rxd1 Bxc5 32. Bxf6 Qxf6 33. dxc5 Rad8 34. Rf1 Qxb2 35. Qf4 Qd4+ 36.
Qxd4 Rxd4 37. Be4 Rc4 38. Rb1 Re7 39. Rd1 g6 40. Rd8+ Kg7 41. Ra8 Rxc5 42. a4 b5 43. Rxa5 Rc1+ 44. Kf2 bxa4 45. Rxa4 c5 46. g4 Rd7 47.
Ra6 c4 48. Rc6 c3 49. Kg3 Re7 50. h4 Ra7 51. h5 gxh5 52. gxh5 Ra3 53. Rc7 Rg1+ 54.
Kf2 Rg5 0-1

[Event "*** Titled Tuesday Blitz"]
[Site "Chess.com"]
[Date "2020.10.27"]
[Round "1"]
[White "Smile2005"]
[Black "Jungle_Jaguar"]
[Result "0-1"]
[WhiteElo "2300"]
[BlackElo "2645"]
[TimeControl "180+1"]
[EndTime "10:07:56 PDT"]
[Termination "Jungle_Jaguar won by resignation"]

1. d4 f6 2. c4 Nh6 3. Nc3 Nf7 4. e4 g6 5. f4 Bg7 6. Nf3 O-O 7. Be2 c6 8. O-O e5 9. dxe5 fxe5 10.
f5 d6 11. fxg6 hxg6 12. Be3 Be6 13. Qd2 Nd7 14. Rad1 Bf6 15. b3 Kg7 16. Rf2 Qe7 17. Rdf1 Rad8 18. Ne1 Rh8 19. Nf3 a6 20. h3 Rh7 21.
Nh2 Kg8 22. Bg4 Bh4 23. Rf3 Ng5 24. Bxg5 Bxg5 25. Bxe6+ Kh8 26. Qe2 Qxe6 27. Ng4 Rg7 28. Qf2 Rdg8 29. Rf7 Bd8 30. Rxg7 Rxg7 31. Qf3 Bb6+ 32.
Kh1 Kg8 33. Na4 Bd8 34. Nb2 Kh7 35. Nd3 Be7 36. Ne1 Rg8 37. Qe2 Rf8 38. Nc2 Kg7 39. Nce3 Nf6 40. Qd2 Nxe4 41. Qe1 Rxf1+ 42. Nxf1 Qf5 43.
Nfe3 Qf7 44. Nf1 Nf6 45. Qd2 Nxg4 46. hxg4 Qxf1+ 0-1

[Event "*** Titled Tuesday Blitz"]
[Site "Chess.com"]
[Date "2020.10.27"]
[Round "1"]
[White "Rytenko_V"]
[Black "Klavdia_Nik"]
[Result "1-0"]
[WhiteElo "2525"]
[BlackElo "2078"]
[TimeControl "180+1"]
[EndTime "10:07:58 PDT"]
[Termination "Rytenko_V won on time"]

1. d4 Nf6 2. Nf3 c5 3. Bg5 e6 4. e3 Be7 5. c4 Qa5+ 6. Qd2 Qxd2+ 7. Nbxd2 cxd4 8. Nxd4 Nc6 9. Be2 O-O 10. a3 h6 11. Bh4 Nxd4 12. exd4 d5 13. c5 Bd7 14.
O-O a5 15. b4 axb4 16. axb4 g5 17. Bg3 Ne4 18. Nxe4 dxe4 19. b5 f5 20. Be5 Kf7 21. Bh5+ Kg8 22. h3 Bxb5 23. Rfb1 Bc6 24. Be2 Kf7 25.
Bc4 Rfd8 26. Rxa8 Rxa8 27. Bb5 Bd5 28. Bd7 Bf6 29. Rb6 Bxe5 30. dxe5 Ke7 31. Bb5 Rc8 32. c6 Bxc6 33. Bxc6 bxc6 34. Rb7+ Kf8 35. Kf1 Kg8 36. Ke2 c5 37. Kd2 c4 38. Kc3 Rc5 39. Kd4 Rd5+ 40. Kxc4 Rxe5 41. Kd4 Rd5+ 42. Ke3 Ra5 43. Re7 Ra6 44.
h4 Rb6 45. g3 Rc6 46. hxg5 Rd6 47. gxh6 Kh8 48. Kf4 1-0

[Event "*** Titled Tuesday Blitz"]
[Site "Chess.com"]
[Date "2020.10.27"]
[Round "1"]
[White "Genghis_K"]
[Black "Agnes66678"]
[Result "1-0"]
[WhiteElo "2898"]
[BlackElo "2463"]
[TimeControl "180+1"]
[EndTime "10:08:00 PDT"]
[Termination "Genghis_K won by checkmate"]

1. e4 e5 2. Nf3 Nf6 3. Nc3 Nc6 4. Bb5 Bb4 5. O-O O-O 6. d3 d6 7. Ne2 Ne7 8. c3 Ba5 9. Ng3 c6 10. Ba4 Ng6 11. Bc2 h6 12. d4 exd4 13. cxd4 Re8 14.
h3 Be6 15. Bd3 Bb6 16. Be3 Qe7 17. a4 Rad8 18. a5 Bc7 19. Re1 c5 20. Nf5 Qf8 21.
Qd2 d5 22. e5 Ne4 23. Bxe4 dxe4 24. Nxh6+ Kh8 25. Nh2 Bxe5 26. N6g4 Bxh2+ 27. Nxh2 cxd4 28. Bxd4 Bd5 29. Ng4 Kg8 30. Qg5 Bc6 31. Bxa7 Rd5 32. Qc1 f5 33. Ne3 Rd3 34. Qc4+ Kh7 35. Qc5 Qxc5 36.
Bxc5 f4 37. Ng4 Bb5 38. b4 Nh4 39. Rad1 Nf5 40. Rc1 e3 41. fxe3 fxe3 42. Bb6 Re7 43. Rc5 Ng3 44. Rxb5 e2 45. Re5 Rxe5 46. Nxe5 Rd1 47.
Nf3 Ne4 48. Kh2 Kg6 49. Rxe2 Nc3 50. Re6+ Kf7 51. Ng5+ Kf8 52. Bc5+ Kg8 53. Re8# 1-0

[Event "*** Titled Tuesday Blitz"]
[Site "Chess.com"]
[Date "2020.10.27"]
[Round "1"]
[White "Kazakov_Konstantin"]
[Black "svilson23"]
[Result "0-1"]
[WhiteElo "2693"]
[BlackElo "2375"]
[TimeControl "180+1"]
[EndTime "10:08:00 PDT"]
[Termination "svilson23 won by resignation"]

1. e4 c5 2. Nc3 Nc6 3. g3 g6 4. Bg2 Bg7 5. d3 e6 6. Be3 b6 7. Nge2 Nge7 8. O-O d5 9. exd5 exd5 10.
d4 c4 11. Nf4 Be6 12. b3 cxb3 13. axb3 O-O 14. Re1 Rc8 15. Qd2 Qd7 16. Ra4 Rfd8 17. h3 a5 18. Nce2 Nf5 19. g4 Nfe7 20. Nd3 h5 21. f3 b5 22. Raa1 Qa7 23. c3 hxg4 24.
hxg4 Qc7 25. Nc5 Nb8 26. Bf4 Qb6 27. Nc1 Rxc5 28. dxc5 Qxc5+ 29. Qe3 Qxc3 30. Ne2 Qxe3+ 31. Bxe3 Bxa1 32. Rxa1 Nbc6 33. Bb6 Ra8 34. Nc3 b4 35. Na4 g5 36. Nc5 d4 37. Kf2 Nd5 38. Na4 Nc3 39.
f4 Rc8 40. Nxc3 bxc3 41. fxg5 d3 42. Ke3 d2 43. Kd3 Nb4+ 44. Ke2 Bxb3 45. Bxa5 d1=Q+ 46.
Rxd1 Bxd1+ 47. Kxd1 c2+ 48. Ke2 c1=Q 0-1

[Event "*** Titled Tuesday Blitz"]
[Site "Chess.com"]
[Date "2020.10.27"]
[Round "1"]
[White "AnishOnYoutube"]
[Black "Grandmaster2B"]
[Result "1-0"]
[WhiteElo "2969"]
[BlackElo "2484"]
[TimeControl "180+1"]
[EndTime "10:08:04 PDT"]
[Termination "AnishOnYoutube won by resignation"]

1. e4 c5 2. Nf3 d6 3. d4 cxd4 4. Nxd4 Nf6 5. Nc3 a6 6. a4 e5 7. Nf3 Qc7 8. Bg5 Nbd7 9. Nd2 h6 10. Be3 Nc5 11. Bxc5 Qxc5 12. Bc4 Be6 13. Bxe6 fxe6 14. O-O Be7 15. a5 O-O 16. Qe2 Rfc8 17. Ra4 Qc7 18. Rfa1 Nd7 19. Nb3 Qc6 20. Qg4 Nf8 21. Re1 Bd8 22.
Raa1 Bc7 23. Red1 b5 24. axb6 Bxb6 25. Rd3 a5 26. Rg3 Qd7 27. Na4 Bd8 28. Qe2 Qc6 29. Rc3 Qd7 30. Rxc8 Rxc8 31. Nc3 Ra8 32. Qc4 Kh7 33. g3 Bb6 34. Kg2 Ng6 35. Na4 Bd8 36.
Qe2 Rc8 37. Nc3 Ra8 38. Qb5 Qc7 39. Qd3 Qd7 40. Nd2 Qc6 41. Nc4 Bc7 42. Ra4 Qc5 43.
b3 Rd8 44. Ne3 Bb6 45. Rc4 Qa3 46. Ra4 Qc5 47. Ra2 Qc6 48. Na4 Bc7 49. c4 Bb8 50. Rd2 Bc7 51. Nc3 Nf8 52. Nb5 Bb8 53. Nd1 Nd7 54. Ndc3 Nc5 55. Qc2 a4 56. bxa4 Kh8 57. f3 Bc7 58. Nxc7 Qxc7 59. Nb5 Qc6 60. Qd1 Nb7 61. Qe2 Rc8 62. Na7 1-0

[Event "*** Titled Tuesday Blitz"]
[Site "Chess.com"]
[Date "2020.10.27"]
[Round "1"]
[White "Bastiandash"]
[Black "ftorodent"]
[Result "0-1"]
[WhiteElo "2323"]
[BlackElo "2667"]
[TimeControl "180+1"]
[EndTime "10:08:04 PDT"]
[Termination "ftorodent won by checkmate"]

1. d4 f5 2. Nc3 Nf6 3. Bg5 d5 4. Nf3 g6 5. e3 Bg7 6. Bd3 Ne4 7. Bf4 Nc6 8. Qe2 Be6 9. h4 h6 10. Bb5 Nxc3 11. Bxc6+ bxc6 12. bxc3 c5 13. Be5 Bf6 14. Qb5+ Qd7 15. Qxc5 Kf7 16. Rb1 Rhb8 17. Kd2 Rb6 18. Qxc7 Qxc7 19. Bxc7 Ra6 20. Rb2 Rc8 21. Bf4 Ra3 22. Bxh6 Raxc3 23. h5 gxh5 24. Bf4 Kg6 25. Be5 f4 26. Bxf4 Bf5 27. Ne1 h4 28. Rb3 R3c6 29. c3 Ra6 30. a3 Rcc6 31. Nf3 Rcb6 32. Rxb6 Rxb6 33. Nxh4+ Bxh4 34. Rxh4 Rb2+ 35. Ke1 Bd3 36. Rh6+ Kf7 37. Rh7+ Ke6 38. Rh6+ Kd7 39. Rh5 Re2+ 40. Kd1 e6 41. Bg3 Ra2 42. Rh8 Rxa3 43. Ra8 a5 44. Ra7+ Kc6 45. Be5 a4 46. g4 Ra2 47. g5 Rxf2 48. g6 Bxg6 49. Ke1 Ra2 50. Ra6+ Kb5 51. Ra7 Be4 52. Bd6 Kc4 53. Rc7+ Kd3 54. Kf1 Kxe3 55. Bb4 Ra1# 0-1

[Event "*** Titled Tuesday Blitz"]
[Site "Chess.com"]
[Date "2020.10.27"]
[Round "1"]
[White "druskacik"]
[Black "nitpicker"]
[Result "1-0"]
[WhiteElo "2609"]
[BlackElo "2271"]
[TimeControl "180+1"]
[EndTime "10:08:04 PDT"]
[Termination "druskacik won by resignation"]

1. e4 d5 2. Nf3 dxe4 3. Ne5 Nf6 4.
Nc4 Nc6 5. Nc3 Bf5 6. Be2 e6 7.
O-O Be7 8. a3 a5 9. b3 O-O 10.
Bb2 Nd4 11. Re1 b5 12. Ne3 c6 13. Bf1 Bg6 14. Ne2 e5 15. Ng3 Qd7 16. Qc1 Rad8 17. Bc3 Ra8 18. Ra2 Nd5 19. Bb2 Nf4 20. Nd1 f5 21. a4 Bc5 22. axb5 cxb5 23. Nc3 Nfe6 24. Qd1 Qb7 25. Nce2 Qb6 26. Nxd4 exd4 27. Qa1 Bb4 28.
Rd1 Rfd8 29. c3 dxc3 30. dxc3 Bf8 31. c4 b4 32. Rxd8 Nxd8 33. Bd4 Bc5 34. Ne2 Bxd4 35. Qxd4 Qxd4 36. Nxd4 Nb7 37. Nc6 Nc5 38. Rxa5 Re8 39. Rxc5 Kf8 40. Nxb4 f4 41. Nd5 e3 42. fxe3 fxe3 43.
Be2 Be4 44. Rc6 Bxd5 45. cxd5 Rb8 46. Rc3 Rd8 47. Rxe3 Rxd5 48. h3 Rd2 49. Bf3 Rb2 50. Kh2 Rb1 51. Kg3 Rb2 52. Kf4 Rb1 53. Ke5 Rb2 54. Kd6 Kf7 55. Kc5 Kf6 56. b4 Rb1 57. Rc3 Rc1 58. Rxc1 1-0

[Event "*** Titled Tuesday Blitz"]
[Site "Chess.com"]
[Date "2020.10.27"]
[Round "1"]
[White "ZverevLev"]
[Black "arminmusovic"]
[Result "0-1"]
[WhiteElo "2245"]
[BlackElo "2588"]
[TimeControl "180+1"]
[EndTime "10:08:04 PDT"]
[Termination "arminmusovic won by checkmate"]

1. e4 c6 2. d4 d5 3. e5 c5 4. dxc5 Nc6 5. f4 Nh6 6. c3 a6 7.
Nf3 Bg4 8. Be3 e6 9. Nbd2 Be7 10. Be2 Bh4+ 11. Nxh4 Qxh4+ 12. Bf2 Bxe2 13. Bxh4 Bxd1 14. Rxd1 Nf5 15. Bf2 h5 16. Nf3 O-O 17. Ke2 Rab8 18. h3 Nh6 19. Nh2 f5 20. Nf3 Rfe8 21. b4 Rec8 22. a4 Nd8 23. Nd4 b6 24. Rb1 bxc5 25. bxc5 Nhf7 26. Bh4 Kh7 27. Be7 Ra8 28. Rb6 Ra7 29.
Bxd8 Nxd8 30. Nxe6 Nxe6 31. Rxe6 Rxc5 32. Kd3 Rac7 33. Rc1 Rc4 34. Rd6 Rxf4 35. Rxd5 Rxa4 36. Rd4 Ra5 37. Re1 Ra3 38. Rc4 Rd7+ 39. Ke3 Ra2 40.
e6 Re7 41. Kf4 Kg6 42. Ke5 Rd2 43. Rc8 h4 44. Rf8 Rxg2 45. Rxf5 a5 46. Rf4 Rd2 47.
Rg4+ Kh5 48. Reg1 Re2+ 49. Kf4 R2xe6 50. Rg5+ Kh6 51. R5g4 Rf6# 0-1

[Event "*** Titled Tuesday Blitz"]
[Site "Chess.com"]
[Date "2020.10.27"]
[Round "1"]
[White "Kaslask"]
[Black "ckgchess"]
[Result "1-0"]
[WhiteElo "2363"]
[BlackElo "2671"]
[TimeControl "180+1"]
[EndTime "10:08:06 PDT"]
[Termination "Kaslask won on time"]

1. d4 Nf6 2. c4 b6 3. Nf3 Bb7 4. g3 e6 5. Bg2 Bb4+ 6. Bd2 Be7 7. O-O O-O 8. Bc3 Ne4 9. Qc2 Nxc3 10. Nxc3 Nc6 11.
a3 Rb8 12. Rad1 d6 13. b4 a6 14. e4 Na7 15. d5 e5 16. Ne1 Bc8 17. Nd3 Bd7 18.
h3 Rc8 19. Kh2 c5 20. bxc5 bxc5 21. Rb1 Rc7 22. Rfd1 f5 23. Nxe5 dxe5 24. d6 Bxd6 25. Rxd6 Nc6 26. exf5 Nd4 27. Qe4 Qe7 28. Rxa6 Bxf5 29.
Nd5 Qd8 30. Qxe5 Rcf7 31. Rb2 Bc8 32. Rd6 Qa5 33. Ne7+ Kh8 34. Qe3 Be6 35. Rxe6 Nxe6 36. Qxe6 Qxa3 37. Qe5 Qd3 38. Nd5 Qxc4 39. Nf4 Qd4 40.
Qxd4 cxd4 41. Rd2 Rd7 42. Ne6 Rf6 43. Nc5 Rd8 44. Nd3 h6 45. h4 Rfd6 46. Nf4 R6d7 47. Be4 Kg8 48. Kg2 Ra7 49. h5 Rd6 50. Bg6 Re7 51. Rb2 Rd8 52. Nd3 Rc7 53. Rb4 Rc3 54.
Rb7 Rc6 55. Nf4 Rcd6 56. Nd3 Rf6 57. f4 Rfd6 58. Kf3 Rf6 59. g4 Re6 60. Bf7+ 1-0

[Event "*** Titled Tuesday Blitz"]
[Site "Chess.com"]
[Date "2020.10.27"]
[Round "1"]
[White "Deepweb2020"]
[Black "AleksibFan"]
[Result "1-0"]
[WhiteElo "2235"]
[BlackElo "2562"]
[TimeControl "180+1"]
[EndTime "10:08:06 PDT"]
[Termination "Deepweb2020 won on time"]

1. d4 d5 2. c4 c6 3. cxd5 cxd5 4. Nc3 Nf6 5. Bf4 a6 6. e3 Nc6 7. Bd3 e6 8. Rc1 Be7 9. a3 Bd7 10. Nf3 Rc8 11. h3 Na5 12. Nd2 Nc4 13. Nxc4 dxc4 14.
Bb1 b5 15. O-O O-O 16. e4 Bc6 17. Re1 Bb7 18. Qc2 g6 19. Rcd1 Re8 20. Bg3 Qb6 21. f3 a5 22. Bf2 b4 23. Na4 Qb5 24. Nc5 e5 25. Nxb7 Qxb7 26. dxe5 Nd7 27. e6 fxe6 28. axb4 axb4 29. Qe2 Bc5 30. Kh1 Bxf2 31. Qxf2 Qb6 32.
Qg3 Nf6 33. f4 Rcd8 34. f5 Nh5 35. Qg4 Qf2 36. fxg6 hxg6 37. Qxg6+ Ng7 38. e5 Rxd1 39. Rxd1 Rf8 40. Qh7+ Kf7 41. Bg6+ Ke7 42. Qxg7+ 1-0

[Event "*** Titled Tuesday Blitz"]
[Site "Chess.com"]
[Date "2020.10.27"]
[Round "1"]
[White "eCztery"]
[Black "Volodar_Murzin"]
[Result "0-1"]
[WhiteElo "2282"]
[BlackElo "2616"]
[TimeControl "180+1"]
[EndTime "10:08:09 PDT"]
[Termination "Volodar_Murzin won by checkmate"]

1. e4 c6 2. Nc3 d5 3. Nf3 Bg4 4. h3 Bxf3 5. Qxf3 Nf6 6. d3 e6 7. Bd2 Bb4 8. e5 Nfd7 9. Qg4 Bf8 10. f4 h5 11. Qf3 g6 12. O-O-O Na6 13. Kb1 Nc7 14. d4 b5 15. g4 b4 16. Na4 Nb5 17.
Rg1 Nxd4 18. Qf2 c5 19. Bxb4 cxb4 20. Qxd4 Qa5 21. b3 Bc5 22. Nxc5 Qxc5 23. Qxc5 Nxc5 24. f5 hxg4 25. hxg4 a5 26. Bd3 g5 27. fxe6 fxe6 28. Rgf1 Ke7 29. Bg6 Raf8 30. Rxf8 Rxf8 31. Rh1 Nd7 32. Rh7+ Kd8 33. Bd3 Nxe5 34. Bb5 Rf4 35. Ra7 Rxg4 36. Rxa5 Re4 37. Ra6 Ke7 38. Ra7+ Kf6 39.
a4 g4 40. a5 g3 41. Ra8 g2 42. Rf8+ Kg7 43. Rc8 g1=Q+ 44. Kb2 Qd4+ 45. c3 bxc3+ 46. Rxc3 Re3 47. a6 Qxc3+ 48. Kb1 Qxb3+ 49. Kc1 Re1+ 50. Kd2 Rd1+ 51. Ke2 Qf3# 0-1

[Event "*** Titled Tuesday Blitz"]
[Site "Chess.com"]
[Date "2020.10.27"]
[Round "1"]
[White "SergeyShtyka"]
[Black "Fy_Rakotomaharo"]
[Result "0-1"]
[WhiteElo "2301"]
[BlackElo "2648"]
[TimeControl "180+1"]
[EndTime "10:08:10 PDT"]
[Termination "Fy_Rakotomaharo won by resignation"]

1. e4 c5 2. Nf3 e6 3. d4 cxd4 4. Nxd4 Nf6 5. Nc3 Nc6 6. Ndb5 Bb4 7. a3 Bxc3+ 8. Nxc3 d5 9. exd5 Nxd5 10. Nxd5 exd5 11.
Bd3 O-O 12. O-O Qh4 13. Qf3 Be6 14. Qg3 Qxg3 15. hxg3 Ne5 16. Bf4 Nxd3 17. cxd3 Bf5 18.
d4 Rac8 19. Rac1 Rc4 20. Rxc4 dxc4 21. d5 Rd8 22. d6 f6 23. Rd1 g5 24. Be3 b6 25.
Rd4 Bd3 26. f4 h6 27. a4 Kf7 28. b3 Ke6 29. bxc4 Rxd6 30. f5+ Bxf5 31. Rxd6+ Kxd6 32. Bd4 Bd3 33. Bxf6 g4 34. Bc3 a5 35. Bd4 Kc6 36.
Kf2 Bxc4 37. Ke3 Bb3 38. Kd3 Bxa4 39. Kc3 h5 40. Bf6 Bb5 41. Kb3 Bf1 42. Be7 Bxg2 43. Bf6 Bd5+ 44. Ka3 Bc4 45. Bd8 Kb5 46. Bc7 Ka6 47.
Bd8 b5 48. Be7 b4+ 49. Ka4 Bb5+ 50. Kb3 Bd7 51. Bf8 Kb5 52. Be7 a4+ 53. Kb2 a3+ 54.
Ka1 Bf5 55. Bf6 Ka4 56. Bd4 b3 57. Be5 Kb5 58. Bd6 b2+ 59. Ka2 b1=Q+ 60. Kxa3 Kc4 0-1

[Event "*** Titled Tuesday Blitz"]
[Site "Chess.com"]
[Date "2020.10.27"]
[Round "1"]
[White "PavelChernomordik"]
[Black "PotapovaM"]
[Result "1-0"]
[WhiteElo "2293"]
[BlackElo "2593"]
[TimeControl "180+1"]
[EndTime "10:08:10 PDT"]
[Termination "PavelChernomordik won by checkmate"]

1. e4 c5 2. Nc3 d6 3. f4 g6 4. Nf3 Bg7 5. Bb5+ Bd7 6. Bxd7+ Qxd7 7. O-O Nc6 8. d3 e6 9. f5 gxf5 10. exf5 exf5 11. Re1+ Nge7 12. Nd5 O-O-O 13. Nxe7+ Nxe7 14. Bg5 Rhe8 15. Qd2 f6 16. Bf4 Ng6 17. Bg3 Ne5 18. Nh4 Ng6 19. Nf3 h5 20. Qa5 b6 21. Qa6+ Kb8 22. d4 f4 23. Bf2 Qb7 24. Qd3 Ne7 25. Re6 Nc6 26. Rae1 Rxe6 27. Rxe6 Qf7 28. d5 Ne5 29. Qf5 Qg6 30. Rxe5 Qf7 31. Re6 Rg8 32.
Qxf4 Kc7 33. Qxd6+ Kc8 34. Re7 Qxe7 35. Qxe7 Bh6 36.
Bg3 Rg7 37. Qe8+ Kb7 38. d6 Be3+ 39. Qxe3 Kc6 40. Qe6 Rd7 41. Bh4 Rxd6 42. Qe8+ Kd5 43. Qf7+ Kc6 44. h3 Rd1+ 45. Kh2 Rd6 46. Bxf6 c4 47. Ne5+ Kc5 48. Qxc4# 1-0